 Dungeon Crawl Stone Soup version 0.26.1-11-gd32895ea62 (webtiles) character file.

Game seed: 9330060135505161487

42 hawla the Conjurer (level 3, -17/20 HPs)
             Began as a Deep Elf Conjurer on May 27, 2021.
             Was an Initiate of Vehumet.
             Engulfed by a cloud of flame (20 damage)
             ... on level 2 of the Dungeon on May 29, 2021.
             The game lasted 00:03:39 (1565 turns).

hawla the Conjurer (Deep Elf Conjurer)              Turns: 1565, Time: 00:03:39

Health: -17/20     AC:  3    Str:  3 (4)  XL:     3   Next: 35%
Magic:  10/10      EV: 12    Int: 21 (23) God:    Vehumet [......]
Gold:   82         SH:  0    Dex: 11 (13) Spells: 6/9 levels left

rFire    . . .     SeeInvis .   (no weapon)
rCold    . . .     Faith    .   (no shield)
rNeg     . . .     Spirit   .   a - +1 robe
rPois    .         Reflect  .   (no helmet)
rElec    .         Harm     .   (no cloak)
rCorr    .         Rampage  .   (no gloves)
Will     .....                  (no boots)
Stlth    ++........             (no amulet)
HPRegen  0.06/turn              (no ring)
MPRegen  0.12/turn              (no ring)

@: no status effects
A: no striking features
a: Renounce Religion


You were on level 2 of the Dungeon.
You worshipped Vehumet.
Vehumet was noncommittal.
You visited 1 branch of the dungeon, and saw 2 of its levels.

You collected 82 gold pieces.

Inventory:

Missiles
 b - 18 poisoned darts
Armour
 a - a +1 robe (worn)
Jewellery
 d - an uncursed ring of ice {unknown}
Potions
 f - a potion of heal wounds {unknown}
 g - a potion of resistance {unknown}
 i - a potion of brilliance {unknown}
 j - a potion of ambrosia {unknown}


   Skills:
 + Level 1.0 Fighting
 - Level 2.4 Dodging
 - Level 2.4 Stealth
 + Level 3.7 Spellcasting
 + Level 4.7 Conjurations
 + Level 1.4 Translocations


You had 6 spell levels left.
You knew the following spells:

 Your Spells              Type           Power        Failure   Level
a - Magic Dart            Conj           92%          1%          1
b - Searing Ray           Conj           46%          2%          2

Your spell library contained the following spells:

 Spells                   Type           Power        Failure   Level
 Dazzling Flash           Conj/Hex       26%          14%         3
 Iskenderun's Mystic Bla  Conj/Tloc      16%          34%         4
 Fulminant Prism          Conj/Hex       6%           43%         4


Dungeon Overview and Level Annotations

Branches:
Dungeon (2/15)

Altars:
Gozag
Vehumet
Zin

Shops:
D:2 *


Message History

As you read the scroll labelled HUTHREU ZUIDOTI, it crumbles to dust.
It is a scroll of enchant armour.
Your +0 robe glows green for a moment.
As you read the scroll labelled FOVVEU GODOSUY, it crumbles to dust.
It is a scroll of amnesia.
Really abort (and waste the scroll)?
Okay, then.
Really walk into a travel-excluded area?
There is a radiant altar of Vehumet here.
You kneel at the altar of Vehumet.
Vehumet welcomes you!
You are engulfed in blazing flames.
Ouch! That really hurt!
* * * LOW HITPOINT WARNING * * *
It was a potion of degeneration.
There was something very wrong with that liquid.
You feel weakened.
You feel dopey.
You feel clumsy.
You are engulfed in blazing flames.
Ouch! That really hurt!
You die...

### ..#
####.##
#!.○..#
#.○...#
#○.@☼.#
#.°.☼.#
#.....#
##...## #...#
###.# #.# #.#
###########.#


There were no monsters in sight!

Vanquished Creatures
  An adder (D:2)
  2 oozes
  2 dart slugs (D:1)
  2 bats (D:1)
  A goblin (D:1)
  3 hobgoblins (D:1)
  2 jackals (D:2)
  A frilled lizard (D:1)
  4 kobolds
  4 rats (D:1)
22 creatures vanquished.

Vanquished Creatures (others)
  A bat (D:2)
1 creature vanquished.

Grand Total: 23 creatures vanquished

Notes
Turn   | Place    | Note
-------+----------+-------------------------------------------
     0 | D:1      | hawla the Deep Elf Conjurer began the quest for the Orb.
     0 | D:1      | Reached XP level 1. HP: 10/10 MP: 6/6
   355 | D:1      | Reached XP level 2. HP: 16/16 MP: 4/8
   536 | D:1      | Learned a level 2 spell: Searing Ray
   692 | D:1      | Reached skill level 1 in Translocations
  1297 | D:2      | Reached XP level 3. HP: 20/20 MP: 7/10
  1359 | D:2      | Reached skill level 1 in Fighting
  1388 | D:2      | Found an opulent altar of Gozag.
  1474 | D:2      | Found Zin's Purification Station.
  1510 | D:2      | Found a glowing silver altar of Zin.
  1553 | D:2      | Found a radiant altar of Vehumet.
  1564 | D:2      | Became a worshipper of Vehumet
  1565 | D:2      | Engulfed by a cloud of flame

Illustrated notes

Levels and vault maps discovered:
D:1:      erik_arrival_blinker_ship, layout_basic, serial_rivers,
          chequers_serial_rivers_large_b, chequers_serial_rivers_small_3,
          chequers_serial_rivers_small_3, chequers_serial_rivers_marsh,
          chequers_serial_rivers_room_a, minmay_statues_item
D:2:      layout_loops_ring, zin_purify, grunt_gozag_statues,
          fiery_altar_vehumet

Skill      XL: |  1  2  3 |
---------------+----------+-----
Translocations | 1 |  1.4
Fighting       | 1 |  1.0
Dodging        | |  2.4
Stealth        | |  2.4
Spellcasting   | |  3.7
Conjurations   | |  4.7

Action                   || total
-------------------------++-------
 Cast: Magic Dart        ||    24
       Searing Ray       ||    11
  Use: Scroll            ||     2
       Potion            ||     1
Dodge: Dodged            ||     3
